 Dungeon Crawl Stone Soup version 0.22.0-75-g3901e7991e (webtiles) character file.

1477 JedernureinKreuz the Conjurer (level 8, -2/58 HPs)
             Began as a Gnoll Conjurer on Sept 11, 2018.
             Slain by an ice beast (7 damage)
             ... on level 6 of the Dungeon.
             The game lasted 00:29:59 (6475 turns).

JedernureinKreuz the Conjurer (Gnoll Conjurer)      Turns: 6475, Time: 00:30:00

Health: -2/58      AC:  3    Str:  8      XL:     8   Next: 78%
Magic:  0/17       EV: 14    Int: 21      God:
Gold:   359        SH:  0    Dex: 14 (15) Spells: 4/19 levels left

rFire    . . .     SeeInvis .   B - +2 spear (freeze)
rCold    . . .     Gourm    .   (no shield)
rNeg     . . .     Faith    .   q - +0 leather armour
rPois    .         Spirit   +   p - +0 helmet
rElec    .         Reflect  .   (no cloak)
rCorr    .         Harm     .   (no gloves)
MR       .....     Rnd*Tele +   (no boots)
Stlth    +++.......             k - amulet of guardian spirit
HPRegen  0.19/turn              (no ring)
MPRegen  0.15/turn              (no ring)

@: no status effects
A: distributed training, fangs 1, deformed body, teleportitis 1, weak 1, strong
nose
a: no special abilities


You were on level 6 of the Dungeon.
You were hungry.

You visited 1 branch of the dungeon, and saw 6 of its levels.

You collected 359 gold pieces.

Inventory:

Hand Weapons
 d - a +0 whip
 g - a +0 dagger
 m - a +0 short sword
 A - a +2 spear of distortion
 B - a +2 spear of freezing (weapon)
 E - a +0 great sword
 I - a +0 shortbow
Missiles
 b - 178 stones (quivered)
 v - 74 arrows
 w - 27 bolts
 H - a throwing net
 K - 52 sling bullets
Armour
 a - a +0 robe
 n - a +0 leather armour
 p - a +0 helmet (worn)
 q - a +0 leather armour (worn)
Jewellery
 k - an amulet of guardian spirit (around neck)
 C - an uncursed amulet of harm
Wands
 r - a wand of clouds (6)
Scrolls
 e - 7 scrolls of identify
 i - 3 scrolls of blinking
 l - 4 scrolls of teleportation
 y - a scroll of amnesia {unknown}
 D - a scroll of remove curse
 F - a scroll of fog {unknown}
 G - a scroll of enchant armour {unknown}
Potions
 f - 2 potions of curing
 h - a potion of degeneration {unknown}
 j - a potion of haste
 o - 3 potions of lignification {unknown}
 s - a potion of cancellation {unknown}
 t - 2 potions of ambrosia {unknown}
 u - 3 potions of heal wounds {unknown}
 x - 2 potions of flight {unknown}
 z - a potion of agility {unknown}
 J - a potion of brilliance {unknown}
Comestibles
 c - 13 rations


   Skills:
 + Level 3.5 Fighting
 + Level 3.5 Short Blades
 + Level 3.5 Long Blades
 + Level 3.5 Axes
 + Level 3.5 Maces & Flails
 + Level 3.5 Polearms
 + Level 3.5 Staves
 + Level 3.5 Slings
 + Level 3.5 Bows
 + Level 3.5 Crossbows
 + Level 3.5 Throwing
 + Level 3.5 Armour
 + Level 5.8 Dodging
 + Level 5.5 Stealth
 + Level 3.5 Shields
 + Level 3.5 Unarmed Combat
 + Level 6.2 Spellcasting
 + Level 7.7 Conjurations
 + Level 2.9 Hexes
 + Level 2.9 Charms
 + Level 2.9 Summonings
 + Level 2.9 Necromancy
 + Level 2.9 Translocations
 + Level 2.9 Transmutations
 + Level 2.9 Fire Magic
 + Level 2.9 Ice Magic
 + Level 2.9 Air Magic
 + Level 2.9 Earth Magic
 + Level 2.9 Poison Magic
 + Level 3.9 Invocations
 + Level 3.5 Evocations


You had 4 spell levels left.
You knew the following spells:

 Your Spells              Type           Power        Failure   Level  Hunger
a - Magic Dart            Conj           ####         1%          1    None
b - Iskenderun's Mystic   Conj           #####...     5%          4    ###....
c - Dazzling Spray        Conj/Hex       ####..       4%          3    #......
d - Conjure Flame         Conj/Fire      ####....     4%          3    #......
e - Blink                 Tloc           N/A          6%          2    None
f - Slow                  Hex            ###.....     6%          2    None

Your spell library contained the following spells:

 Spells                   Type           Power        Failure   Level  Hunger
 Searing Ray              Conj           #####.       1%          2    None
 Call Imp                 Summ           ###.....     6%          2    None
 Mephitic Cloud           Conj/Pois/Air  ####....     6%          3    #......
 Force Lance              Conj/Tloc      ####....     16%         4    ###....
 Fulminant Prism          Conj/Hex       ####......   16%         4    ###....


Dungeon Overview and Level Annotations

Branches:
Dungeon (6/15)
 Temple: D:4-7

Altars:
Ashenzari
Dithmenos
Fedhas
Makhleb
Nemelex Xobeh
The Shining One

Shops:
D:4 [


Innate Abilities, Weirdness & Mutations

Your experience applies equally to all skills.
You have very sharp teeth.
Your uncanny sense of smell can sniff out nearby items.
Armour fits poorly on your strangely shaped body.
You are occasionally teleported next to monsters.
You are weak. (Str -2)


Message History

The ice beast is severely wounded.
The ice beast barely misses you.
You hit the ice beast.
The ice beast is severely wounded.
The ice beast closely misses you.
Casting: Magic Dart (safe; 1% risk of failure)
Confirm with . or Enter, or press ? or * to list all spells.
Aiming: Magic Dart (safe; 1% risk of failure)
Press: ? - help, Shift-Dir - straight line, f/p - ice beast
Aim: an ice beast (severely wounded)
The magic dart hits the ice beast.
The ice beast is severely wounded.
The ice beast hits you. The ice beast freezes you!
* * * LOW HITPOINT WARNING * * *
You hit the ice beast.
The ice beast is severely wounded.
The ice beast hits you.
* * * LOW HITPOINT WARNING * * *
The ice beast freezes you!
You die...

####### ......#.....#
######..... #.....#
#......... #.....####
#........ #.........
#....... #.........
#...... #.....##..
#....Y#######.....##..
#....@#...........##..
#.....'...............
#.....#..)............
#.....#....##.........
####+##....##.....####
#....##.....#...
#.....#.....#...
+.....#.....#...
##+####.....#...


You could see an ice beast.

Vanquished Creatures
  Menkaure (D:6)
  Duvessa (D:6)
  An ogre (D:5)
  A centaur (D:5)
  A big kobold (D:5)
  Dowan (D:6)
  3 scorpions
  3 crimson imps
  A jelly (D:6)
  A quasit (D:6)
  A hound (D:5)
  A bullfrog skeleton (D:4)
  A gnoll shaman (D:5)
  Ijyb (D:3)
  Terence (D:3)
  Natasha (thrice) (D:3)
  5 worker ants
  A hound skeleton (D:6)
  Robin (D:3)
  A howler monkey skeleton (D:4)
  8 adders
  9 gnolls
  An ooze (D:2)
  2 adder skeletons (D:5)
  2 worms
  3 dart slugs (D:1)
  5 leopard geckos
  7 orcs
  6 giant cockroaches
  13 goblins
  19 hobgoblins
  8 jackals
  2 quokkas (D:4)
  4 bats
  6 frilled lizards
  7 kobolds
  A quokka skeleton (D:6)
  5 rats
138 creatures vanquished.

Vanquished Creatures (others)
  A plant (D:5)
1 creature vanquished.

Grand Total: 139 creatures vanquished

Notes
Turn   | Place    | Note
-------+----------+-------------------------------------------
     0 | D:1      | JedernureinKreuz the Gnoll Conjurer began the quest for the
                  | Orb.
     0 | D:1      | Reached XP level 1. HP: 13/13 MP: 6/6
    99 | D:1      | Reached XP level 2. HP: 19/19 MP: 2/7
   786 | D:2      | Reached XP level 3. HP: 25/25 MP: 3/9
   789 | D:2      | Reached skill level 5 in Spellcasting
   804 | D:2      | Reached skill level 1 in Invocations
   930 | D:2      | Reached skill level 1 in Fighting
   930 | D:2      | Reached skill level 1 in Short Blades
   930 | D:2      | Reached skill level 1 in Long Blades
   930 | D:2      | Reached skill level 1 in Axes
   930 | D:2      | Reached skill level 1 in Maces & Flails
   930 | D:2      | Reached skill level 1 in Polearms
   930 | D:2      | Reached skill level 1 in Staves
   930 | D:2      | Reached skill level 1 in Slings
   930 | D:2      | Reached skill level 1 in Bows
   930 | D:2      | Reached skill level 1 in Crossbows
   930 | D:2      | Reached skill level 1 in Throwing
   930 | D:2      | Reached skill level 1 in Armour
   930 | D:2      | Reached skill level 1 in Shields
   930 | D:2      | Reached skill level 1 in Unarmed Combat
   930 | D:2      | Reached skill level 1 in Evocations
   968 | D:2      | Reached XP level 4. HP: 32/32 MP: 2/11
  1109 | D:2      | Found a blossoming altar of Fedhas.
  1561 | D:2      | Reached skill level 1 in Hexes
  1561 | D:2      | Reached skill level 1 in Charms
  1561 | D:2      | Reached skill level 1 in Summonings
  1561 | D:2      | Reached skill level 1 in Necromancy
  1561 | D:2      | Reached skill level 1 in Translocations
  1561 | D:2      | Reached skill level 1 in Transmutations
  1561 | D:2      | Reached skill level 1 in Fire Magic
  1561 | D:2      | Reached skill level 1 in Ice Magic
  1561 | D:2      | Reached skill level 1 in Air Magic
  1561 | D:2      | Reached skill level 1 in Earth Magic
  1561 | D:2      | Reached skill level 1 in Poison Magic
  1566 | D:2      | Reached XP level 5. HP: 37/37 MP: 3/12
  1825 | D:3      | Found a glowing golden altar of the Shining One.
  1854 | D:3      | Noticed Natasha
  1855 | D:3      | Noticed Robin
  2258 | D:3      | Found a sparkling altar of Nemelex Xobeh.
  2347 | D:3      | Killed Natasha
  2355 | D:3      | Killed Robin
  2489 | D:3      | Noticed Natasha
  2506 | D:3      | Killed Natasha
  2586 | D:3      | Noticed Ijyb
  2593 | D:3      | Learned a level 4 spell: Iskenderun's Mystic Blast
  2597 | D:3      | Learned a level 3 spell: Dazzling Spray
  2644 | D:3      | Noticed Natasha
  2647 | D:3      | Killed Natasha
  2647 | D:3      | Reached XP level 6. HP: 44/44 MP: 8/13
  2709 | D:3      | Killed Ijyb
  2973 | D:4      | Found Hegil's Armour Shop.
  3050 | D:4      | Reached skill level 5 in Dodging
  3275 | D:3      | Found a burning altar of Makhleb.
  3275 | D:3      | Found a shadowy altar of Dithmenos.
  3277 | D:3      | Noticed Terence
  3287 | D:3      | Killed Terence
  3741 | D:4      | Reached XP level 7. HP: 50/50 MP: 1/15
  3823 | D:4      | Gained mutation: You are weak. (Str -2) [mutagenic glow]
  3878 | D:4      | Gained mutation: Armour fits poorly on your strangely
                  | shaped body. [mutagenic glow]
  3933 | D:4      | Gained mutation: You are occasionally teleported next to
                  | monsters. [mutagenic glow]
  4280 | D:5      | Entered Level 5 of the Dungeon
  4806 | D:5      | Reached skill level 5 in Stealth
  4954 | D:5      | Reached XP level 8. HP: 48/57 MP: 8/16
  4965 | D:5      | Found a shattered altar of Ashenzari.
  5532 | D:6      | Noticed Menkaure
  5549 | D:6      | Killed Menkaure
  5934 | D:6      | Learned a level 3 spell: Conjure Flame
  5937 | D:6      | Learned a level 2 spell: Blink
  5940 | D:6      | Learned a level 2 spell: Slow
  6065 | D:6      | Noticed Duvessa
  6066 | D:6      | Noticed Dowan
  6083 | D:6      | Killed Duvessa
  6098 | D:6      | Killed Dowan
  6475 | D:6      | Slain by an ice beast

Skill      XL: |  1  2  3  4  5  6  7  8 |
---------------+-------------------------+-----
Spellcasting   | 5 6 |  6.2
Invocations    | 1 2 3 |  3.9
Fighting       | 1 2 3 |  3.5
Short Blades   | 1 2 3 |  3.5
Long Blades    | 1 2 3 |  3.5
Axes           | 1 2 3 |  3.5
Maces & Flails | 1 2 3 |  3.5
Polearms       | 1 2 3 |  3.5
Staves         | 1 2 3 |  3.5
Slings         | 1 2 3 |  3.5
Bows           | 1 2 3 |  3.5
Crossbows      | 1 2 3 |  3.5
Throwing       | 1 2 3 |  3.5
Armour         | 1 2 3 |  3.5
Shields        | 1 2 3 |  3.5
Unarmed Combat | 1 2 3 |  3.5
Evocations     | 1 2 3 |  3.5
Hexes          | 1 2 |  2.9
Charms         | 1 2 |  2.9
Summonings     | 1 2 |  2.9
Necromancy     | 1 2 |  2.9
Translocations | 1 2 |  2.9
Transmutations | 1 2 |  2.9
Fire Magic     | 1 2 |  2.9
Ice Magic      | 1 2 |  2.9
Air Magic      | 1 2 |  2.9
Earth Magic    | 1 2 |  2.9
Poison Magic   | 1 2 |  2.9
Dodging        | 5 |  5.8
Stealth        | 5 |  5.5
Conjurations   | |  7.7

Action                   |  1- 3 |  4- 6 |  7- 9 || total
-------------------------+-------+-------+-------++-------
Melee: Whip              |     1 |       |       ||     1
       Dagger            |    12 |    48 |    12 ||    72
       Bite              |     2 |     7 |    10 ||    19
       Spear             |       |       |   163 ||   163
       Punch             |       |       |     1 ||     1
 Cast: Magic Dart        |    48 |   173 |   120 ||   341
       Iskenderun's Myst |       |       |     3 ||     3
       Dazzling Spray    |       |       |     1 ||     1
  Use: Scroll            |       |     6 |     1 ||     7
 Stab: Sleeping          |       |     1 |     3 ||     4
       Invisible         |       |       |     1 ||     1
  Eat: Chunk             |       |     8 |     9 ||    17
Armor: Robe              |     4 |       |       ||     4
       Leather armour    |       |    18 |    37 ||    55
Dodge: Dodged            |    12 |    88 |   155 ||   255
